 Dungeon Crawl Stone Soup version 0.31-a0-986-g5e6e4ef867 (webtiles) character file.

Game seed: 15385230993702321456

88 pascalblue the Grave Robber (level 4, -13/24 HPs)
             Began as a Deep Elf Necromancer on Nov 8, 2023.
             Mangled by an ice beast (18 damage)
             ... on level 3 of the Dungeon on Nov 17, 2023.
             The game lasted 00:07:22 (1834 turns).

pascalblue the Grave Robber (Deep Elf Necromancer)  Turns: 1834, Time: 00:07:24

Health: -13/24     AC:  2    Str:  5    XL:     4   Next: 30%
Magic:  7/12       EV: 12    Int: 22    God:
Gold:   120        SH:  0    Dex: 15    Spells: 0/11 levels left

rFire   + . .        p - +0 scimitar (holy)
rCold   x . .        (no shield)
rNeg    . . .        a - +0 robe
rPois   .            (no helmet)
rElec   .            (no cloak)
rCorr   .            (no gloves)
SInv    .            (no boots)
Will    .....        (no amulet)
Stlth   ++           f - ring of fire
HPRegen 0.24/turn    (no ring)
MPRegen 0.13/turn

%: no passive effects
@: no status effects
A: no striking features
a: no special abilities


You were on level 3 of the Dungeon.
You visited 1 branch of the dungeon, and saw 3 of its levels.

You collected 120 gold pieces.

Inventory:

Hand Weapons
 d - a +0 whip
 h - a +0 short sword
 p - a +0 scimitar of holy wrath (weapon)
Armour
 a - a +0 robe (worn)
 c - an orb of guile
Jewellery
 f - a ring of fire (left hand)
 n - a ring of magical power
Talismans
 j - a talisman of death
Scrolls
 e - 4 scrolls of identify {unknown}
 i - a scroll of fear {unknown}
 l - a scroll of immolation {unknown}
 q - a scroll of noise {unknown}
Potions
 b - a potion of magic
 g - a potion of brilliance {unknown}
 k - a potion of haste {unknown}
 m - a potion of enlightenment {unknown}
 o - 2 potions of resistance {unknown}


   Skills:
 - Level 2.4 Dodging
 - Level 2.4 Stealth
 + Level 4.3 Spellcasting
 * Level 6.3 Necromancy
 * Level 0.2 Translocations


You couldn't memorise any spells.
You knew the following spells:

 Your Spells              Type           Power      Damage    Failure   Level
a - Necrotise             Necr           100%       1d9       1%          1
b - Vampiric Draining     Necr           32%        2d8       2%          3
c - Animate Dead          Necr           32%        N/A       8%          4
d - Gell's Gravitas       Tloc           6%         N/A       28%         3

Your spell library contained the following spells:

 Spells                   Type           Power      Damage    Failure   Level
 Agony                    Necr           32%        N/A       22%         5
 Teleport Other           Tloc           6%         N/A       28%         3
 Dispersal                Tloc           3%         N/A       100%        6


Dungeon Overview and Level Annotations

Branches:
Dungeon (3/15)

Altars:
Gozag


Message History

Press: ? - help, Shift-Dir - straight line, f - bat
Aim: a bat (asleep, chance to affect: 93%)
The bat writhes in agony!
You kill the bat!
The dead are flying!
You swap places.
You swap places.
Your bat skeleton crumbles into dust!
Found an opulent altar of Gozag.
There is an open door here.
You see here a +0 robe.
You now have 120 gold pieces (gained 11).
An ice beast comes into view.
Casting: Necrotise (safe; 1% risk of failure)
Confirm with . or Enter, or press ? or * to list all spells.
Aiming: Necrotise (safe; 1% risk of failure)
Press: ? - help, Shift-Dir - straight line, f - ice beast
Aim: an ice beast (chance to affect: 83%)
The ice beast writhes in agony!
Casting: Necrotise (safe; 1% risk of failure)
Confirm with . or Enter, or press ? or * to list all spells.
Aiming: Necrotise (safe; 1% risk of failure)
Press: ? - help, Shift-Dir - straight line, f/p - ice beast
Aim: an ice beast (moderately wounded, chance to affect: 83%)
The ice beast writhes in agony!
The ice beast hits you. The ice beast freezes you!
You feel a terrible chill!
Ouch! That really hurt!
* * * LOW HITPOINT WARNING * * *
Okay, then.
Okay, then.
Casting: Necrotise (safe; 1% risk of failure)
Confirm with . or Enter, or press ? or * to list all spells.
Aiming: Vampiric Draining (dangerous; 2% risk of failure)
Press: ? - help, Shift-Dir - straight line, f/p - ice beast
Aim: an ice beast (heavily wounded) Nothing appears to happen.
The ice beast hits you.
* * * LOW HITPOINT WARNING * * *
The ice beast freezes you!!
You feel a terrible chill!
Ouch! That really hurt!
You die...

#.... #.#.# #..........
#.... #.#.# #..........
..Y.##
#...####..........
....####...[.#>.........
!..##.....#.#..........
..##.....#...#########
#.##.....###.###
#.##.....###...###
#...Y@...#.......#
####.....#.......#
#.....#.......##
#.....#........#
#######........####
#...........#
#...)...###.# #.......#
#.# ###########'#


You could see an ice beast.

Vanquished Creatures
  4 adders
  A worm (D:2)
  A dart slug (D:2)
  3 ball pythons (D:2)
  7 bats
  3 endoplasms
  2 giant cockroaches (D:2)
  3 goblins
  7 hobgoblins
  5 kobolds
  A quokka (D:1)
  A frilled lizard (D:3)
  6 rats
44 creatures vanquished.

Vanquished Creatures (collateral kills)
  A quokka (D:2)
  A ball python (D:2)
2 creatures vanquished.

Vanquished Creatures (others)
  A ball python (D:2)
1 creature vanquished.

Grand Total: 47 creatures vanquished

Notes
Turn   | Place    | Note
-------+----------+-------------------------------------------
     0 | D:1      | pascalblue the Deep Elf Necromancer began the quest for the
                  | Orb.
     0 | D:1      | Reached XP level 1. HP: 10/10 MP: 6/6
    55 | D:1      | Reached skill level 5 in Necromancy
   203 | D:1      | Reached XP level 2. HP: 15/15 MP: 4/8
   245 | D:1      | You fall into a shaft and drop 1 floor!
   607 | D:2      | Reached XP level 3. HP: 8/19 MP: 1/10
   684 | D:2      | Learned a level 3 spell: Vampiric Draining
   876 | D:2      | Reached skill level 6 in Necromancy
  1070 | D:2      | Reached XP level 4. HP: 24/24 MP: 9/12
  1188 | D:2      | Learned a level 4 spell: Animate Dead
  1465 | D:3      | Learned a level 3 spell: Gell's Gravitas
  1749 | D:3      | Found an opulent altar of Gozag.
  1823 | D:3      | Noticed an ice beast
  1834 | D:3      | Mangled by an ice beast

Illustrated notes

Levels and vault maps discovered:
D:1:      mushboom_english_gardens, layout_basic
D:2:      layout_loops_ring
D:3:      layout_basic, marbit_many_paths

Skill      XL: |  1  2  3 |
---------------+----------+-----
Necromancy     | 5 6 |  6.3
Spellcasting   | 4 |  4.3
Dodging        | |  2.4
Stealth        | |  2.4
Translocations | |  0.2

Action                     |  1- 3 |  4- 6 || total
---------------------------+-------+-------++-------
  Melee: Short sword       |     2 |       ||     2
   Cast: Necrotise         |    53 |    15 ||    68
         Vampiric Draining |     1 |     1 ||     2
 Armour: Robe              |    12 |     2 ||    14
  Dodge: Dodged            |    23 |     3 ||    26

Table legend: (Time is in decaauts)
 A = Elapsed time spent in this place.
 B = Non-inter-level travel time spent in this place.
 C = Inter-level travel time spent in this place.
 D = Time resting spent in this place.
 E = Time spent auto-exploring this place.
 F = Levels seen in this place.
 G = Mean time per level.
                   A        B        C        D        E       F      G
               +--------+--------+--------+--------+--------+-----+--------+
         Total |   1831 |   1815 |     16 |      0 |   1537 |   3 |  610.3 |
       Dungeon |   1831 |   1815 |     16 |      0 |   1537 |   3 |  610.3 |
               +--------+--------+--------+--------+--------+-----+--------+

Top non-repeatable levels by time:
     D:2: 1031 daAuts
     D:3: 556 daAuts
     D:1: 243 daAuts
